[Event "Late-Titled-Tuesday-Blitz-April-02-2024"]
[Site "Chess.com"]
[Date "2024.04.02"]
[Round "1"]
[White "Cluke86"]
[Black "manitodeplomo"]
[Result "0-1"]
[WhiteElo "2323"]
[BlackElo "2633"]
[TimeControl "180+1"]
[EndTime "14:08:09 PDT"]
[Termination "manitodeplomo won on time"]

1. e4 g6 2. d4 Bg7 3. Nc3 c6 4. Bd3 Bxd4 5. Nf3 Bg7 6. Bf4 d6 7. e5 dxe5 8. Nxe5 Nf6 9. Qe2 O-O 10. O-O-O Nbd7 11. h4 Nxe5 12. Bxe5 Qa5 13. Kb1 Be6 14.
f3 b5 15. h5 b4 16. hxg6 hxg6 17. g4 bxc3 18. Bxc3 Qxa2+ 19. Kc1 Rfd8 20. Qh2 c5 21. b3 c4 22. g5 Nh5 23. Bxg7 Kxg7 24. Qe5+ Kg8 25. Bxg6 Rxd1+ 26. Rxd1 fxg6 27. Qxe6+ Kf8 28.
Qe5 Ng7 29. Rd7 Re8 30. Qf4+ Nf5 31. Qxc4 Qa3+ 32. Kb1 Qa5 33. Rd5 Qe1+ 34. Kb2 Qe6 35. Qd3 Qf7 36. c3 Rb8 37. Rd7 Qxb3+ 38. Kc1 Qb2+ 39.
Kd1 Qb1+ 40. Qxb1 Rxb1+ 41. Kc2 Rg1 42. Rxa7 Rxg5 43. Kd3 Rg3 44. Ke4 Rg2 45. Ra6 Kf7 46. c4 Rc2 47. Ra4 Nd6+ 48. Kd3 Rf2 49. c5 Nf5 50.
Ke4 Rc2 0-1

[Event "Late-Titled-Tuesday-Blitz-April-02-2024"]
[Site "Chess.com"]
[Date "2024.04.02"]
[Round "1"]
[White "Truequitos"]
[Black "MoldyTofu"]
[Result "1-0"]
[WhiteElo "2560"]
[BlackElo "2065"]
[TimeControl "180+1"]
[EndTime "14:08:10 PDT"]
[Termination "Truequitos won by resignation"]

1. e4 g6 2. Nc3 Bg7 3. g3 d6 4.
Bg2 Nd7 5. d3 e5 6. Be3 Ne7 7. Qd2 h6 8. Nge2 a6 9. O-O Nf6 10. h3 Be6 11. d4 exd4 12. Nxd4 Bd7 13. f4 O-O 14. Kh2 Kh7 15. Rae1 Nc6 16. Nf3 Re8 17. Bf2 Re7 18. g4 Qe8 19. Nd4 Nxd4 20.
Bxd4 Bc6 21. Qd3 Rd8 22. g5 hxg5 23. fxg5 Nh5 24. Bxg7 Nxg7 25. Qd4 Re5 26. h4 Qe7 27. Rf6 Re8 28. Ref1 Kg8 29. Qc4 Rf8 30. Rxg6 b5 31. Qb3 d5 32. Rxc6 dxe4 33. Rcf6 e3 34. Ne2 Nh5 35. Qd3 Re4 36. Qxe4 Qxe4 37. Bxe4 Nxf6 38. g6 fxg6 39. Bxg6 Ng4+ 40. Kg1 Re8 41. Bd3 Ne5 42. Kg2 Kg7 43. Rf5 Nxd3 44. cxd3 Rd8 45. Kf3 Rxd3 46. Re5 Rd2 47. Rxe3 Rxb2 48. Re7+ Kh6 49. Rxc7 Rxa2 50. Ng3 Ra3+ 51. Kg4 Ra4+ 52. Kf5 Rxh4 53. Rc6+ Kg7 54.
Ne4 Rh6 55. Rc7+ Kf8 56. Nf6 Rh5+ 57. Nxh5 1-0

[Event "Late-Titled-Tuesday-Blitz-April-02-2024"]
[Site "Chess.com"]
[Date "2024.04.02"]
[Round "1"]
[White "rasmussvane"]
[Black "Mikhal867"]
[Result "0-1"]
[WhiteElo "2899"]
[BlackElo "2513"]
[TimeControl "180+1"]
[EndTime "14:08:11 PDT"]
[Termination "Mikhal867 won by checkmate"]

1. Nf3 c5 2. c4 Nf6 3. d4 g6 4. d5 Bg7 5. Nc3 O-O 6. e4 d6 7. h3 e6 8. Bd3 exd5 9. exd5 Re8+ 10. Be3 a6 11. O-O Nh5 12. Qd2 Nd7 13. Rfe1 Ne5 14. Nxe5 Bxe5 15. Be2 Ng7 16. Bg5 f6 17. Bf4 Nf5 18. Bd3 Nd4 19. Bxe5 fxe5 20. f4 Bxh3 21.
fxe5 dxe5 22. Ne4 Qh4 23. Qf2 Qxf2+ 24. Kxf2 Rf8+ 25. Kg1 Bf5 26. Nxc5 Bxd3 27. Nxd3 Nc2 28. Rac1 Nxe1 29. Rxe1 Rfe8 30. Re4 Kg7 31. d6 Kf6 32. c5 Rac8 33. b4 Kf5 34. Re3 Rcd8 35. Nb2 e4 36. Nc4 Kf4 37. Kf2 g5 38. g3+ Kg4 39. Kg2 h5 40. Nd2 h4 41. gxh4 gxh4 42.
a4 Kf4 43. Kf2 h3 44. Nf1 Rf8 45. Rxh3 Kg4+ 46. Kg2 Rxf1 47. Rh7 Rd1 48. Rxb7 Rd2+ 49. Kf1 Kf3 50. Rf7+ Ke3 51. b5 axb5 52. axb5 Rc2 53. Rf5 Kd3 54. Rd5+ Kc4 55. Rd1 Kxb5 56. d7 Kc6 57.
Kg1 Rxd7 58. Ra1 Rxc5 59. Ra6+ Kb5 60. Ra1 Rf5 61. Re1 Rg7+ 62. Kh2 Rh5# 0-1

[Event "Late-Titled-Tuesday-Blitz-April-02-2024"]
[Site "Chess.com"]
[Date "2024.04.02"]
[Round "1"]
[White "biostatistician"]
[Black "LiemLe"]
[Result "0-1"]
[WhiteElo "2525"]
[BlackElo "3020"]
[TimeControl "180+1"]
[EndTime "14:08:13 PDT"]
[Termination "LiemLe won by checkmate"]

1. d4 Nf6 2. Nf3 e6 3. c4 b6 4. Nc3 Bb4 5. Qc2 Bb7 6. a3 Bxc3+ 7. Qxc3 d6 8. g3 O-O 9. Bg2 Nbd7 10. O-O Qe7 11. b4 e5 12. dxe5 dxe5 13. Bb2 Rfe8 14. Rad1 a5 15. Nh4 Bxg2 16. Kxg2 axb4 17. axb4 Ra4 18.
b5 Qb4 19. Rc1 Qxc3 20. Rxc3 Ne4 21. Rc2 Nd6 22. Rfc1 Nc5 23. Nf3 f6 24. Ne1 Nb3 25. Rb1 Rxc4 26. Rxc4 Nxc4 27. Nd3 Nbd2 28. Rc1 e4 29. Nf4 Nxb2 30. Rxc7 Re5 31. Rc8+ Kf7 32. Rc7+ Re7 33. Rc6 Ndc4 34. Nd5 Rb7 35. g4 Ne5 36.
Rxb6 Rxb6 37. Nxb6 Nxg4 38. Nc8 Ke6 39. b6 Kd7 40. b7 Kc7 41. Nd6 e3 42. fxe3 g6 43. e4 Kb8 44. Kg3 Ne5 45. Kf4 Nbc4 46. Ne8 Nd7 47. Nxf6 Nxf6 48. e5 Ng8 49. e6 Kxb7 50.
Ke4 Kc6 51. Kd4 Nd6 52. Ke5 Ne8 53. h4 h5 54. e3 Ne7 55. e4 Kc5 56. Kf4 Kd6 57. Kg5 Kxe6 58. Kh6 Nf6 59. Kg5 Nxe4+ 60. Kh6 Kf5 61. Kg7 g5 62. Kh6 gxh4 63. Kxh5 h3 64. Kh4 h2 65. Kh5 h1=Q# 0-1

[Event "Late-Titled-Tuesday-Blitz-April-02-2024"]
[Site "Chess.com"]
[Date "2024.04.02"]
[Round "1"]
[White "carlsenCamacho"]
[Black "1mbl4"]
[Result "0-1"]
[WhiteElo "2296"]
[BlackElo "2622"]
[TimeControl "180+1"]
[EndTime "14:08:15 PDT"]
[Termination "1mbl4 won on time"]

1. e4 c5 2. Nf3 g6 3. d3 Bg7 4. g3 Nc6 5. Bg2 Nf6 6. O-O O-O 7.
Re1 d6 8. c3 Bg4 9. h3 Bxf3 10.
Qxf3 Rb8 11. a4 a6 12. Na3 b5 13. axb5 axb5 14. Nc2 b4 15. d4 bxc3 16. bxc3 Nd7 17. e5 Rb6 18. exd6 exd6 19. Qd5 Ne7 20. Qe4 Nf5 21.
Bf4 Rb2 22. g4 Nh4 23. Bxd6 Nf6 24. Qc6 Nxg2 25. Bxf8 Bxf8 26. Ra8 Qd5 27. Qxd5 Nxd5 28. Ree8 Rxc2 29. Rxf8+ Kg7 30. Kxg2 Rxc3 31. dxc5 Nf4+ 32. Kh2 Rxh3+ 33. Kg1 Rc3 34. Rfc8 Ne6 35. Ra7 Rxc5 36. Rxc5 Nxc5 37. Kg2 Nd3 38. Kg3 g5 39. Kf3 Ne5+ 40. Kg3 h6 41. Ra6 Nd3 42. Kf3 Ne5+ 43. Kg3 Nd3 44.
Rd6 Nf4 45. Kf3 Ne6 46. Ke4 Kf6 47. Ra6 Kg7 48. Ke5 Nc5 49. Ra7 Nd3+ 50. Kd6 Nxf2 51. Ke7 Nxg4 52. Ke8 Ne5 0-1

[Event "Late-Titled-Tuesday-Blitz-April-02-2024"]
[Site "Chess.com"]
[Date "2024.04.02"]
[Round "1"]
[White "ellennilssen"]
[Black "slorovel"]
[Result "0-1"]
[WhiteElo "2326"]
[BlackElo "2643"]
[TimeControl "180+1"]
[EndTime "14:08:17 PDT"]
[Termination "slorovel won by resignation"]

1. Nf3 g6 2. d4 Bg7 3. g3 b6 4. Bg2 Bb7 5. O-O f5 6. Nc3 Nf6 7. Re1 O-O 8. Bg5 e6 9. Bxf6 Bxf6 10. e4 Bg7 11. Qd3 fxe4 12. Nxe4 Nc6 13. c3 Ne7 14.
Re2 a5 15. Rae1 Nf5 16. Ne5 Ba6 17. c4 c5 18. Nxc5 bxc5 19. Bxa8 Qxa8 20. Nxd7 Nxd4 21. Nxf8 Nf3+ 22. Kf1 Nxh2+ 23. Kg1 Nf3+ 24. Kf1 Nxe1 25. Kxe1 Bxf8 26. Qd7 Bc8 27. Qe8 Qb7 28. b3 Bd7 29.
Qd8 a4 30. Re3 Kf7 31. Ke2 axb3 32. Rf3+ Qxf3+ 33. Kxf3 Bc6+ 34. Ke2 bxa2 35. Qc7+ Be7 36. Qa7 h6 37. Qxa2 Be4 38. Qd2 h5 39. Qf4+ Bf5 40. f3 g5 41. Qe5 g4 42. fxg4 hxg4 43. Kd2 Bg5+ 44. Ke2 Be7 45. Qf4 Kg6 46. Qc7 Kf7 47. Kd2 Kf6 48. Kc3 Bf8 49. Kb3 Be7 50. Ka4 Kf7 51.
Kb5 Be4 52. Kb6 Ke8 53. Ka7 Kf7 54. Kb8 Ke8 55. Kc8 Kf7 56. Qd7 Bf5 57. Qc7 Be4 58. Qf4+ Bf5 59. Qh6 Bf8 60. Qh5+ Kf6 61. Kd7 e5+ 62. Ke8 Bg6+ 63. Qxg6+ Kxg6 64. Kxf8 e4 65. Ke7 e3 66. Kd6 e2 67. Kxc5 e1=Q 68. Kb6 Qxg3 69. c5 Qb8+ 0-1

[Event "Late-Titled-Tuesday-Blitz-April-02-2024"]
[Site "Chess.com"]
[Date "2024.04.02"]
[Round "1"]
[White "OriTaichman"]
[Black "lilylg"]
[Result "1/2-1/2"]
[WhiteElo "2559"]
[BlackElo "2169"]
[TimeControl "180+1"]
[EndTime "14:08:17 PDT"]
[Termination "Game drawn by repetition"]

1. e4 c6 2. d4 d5 3. e5 Bf5 4. Nd2 e6 5. Nb3 c5 6. dxc5 Nc6 7. Nf3 a5 8. Nbd4 Bxc5 9. Nxf5 exf5 10. Bd3 Nge7 11. O-O O-O 12. c3 d4 13. c4 Qc7 14.
Re1 Rfd8 15. a3 Qb6 16. Qc2 Rac8 17. Bxf5 d3 18. Bxd3 Rxd3 19. Qxd3 Bxf2+ 20. Kh1 Bxe1 21. Nxe1 Nxe5 22. Qe2 N7g6 23. Be3 Qe6 24. b3 Re8 25. Bd2 Qd7 26. Bxa5 Ng4 27. Qd2 Qf5 28. Nf3 Nf4 29.
Re1 Ra8 30. b4 Ne6 31. c5 Nf6 32. Nd4 Nxd4 33. Qxd4 Rf8 34. Bc7 Rc8 35. Bd6 Rd8 36. Qe5 Qd7 37. h3 Re8 38. Qg3 Rxe1+ 39. Qxe1 h6 40.
Qe7 Qc6 41. Qd8+ Kh7 42. Be5 Ne4 43. Qf8 Nf2+ 44. Kg1 Nxh3+ 45. gxh3 Qg6+ 46. Kh2 Qc2+ 47. Kg3 Qd3+ 48. Kf4 g5+ 49. Kg4 Qe4+ 50. Kg3 Qxe5+ 51.
Kf3 Qc3+ 52. Ke4 Qc4+ 53. Ke5 Qe6+ 54. Kd4 Qf6+ 55. Kc4 Qe6+ 56. Kc3 Qe3+ 57. Kc2 Qe2+ 58. Kb3 Qd3+ 59. Kb2 Qd2+ 60. Kb3 Qd3+ 61. Ka4 Qa6+ 62.
Kb3 Qd3+ 1/2-1/2

[Event "Late-Titled-Tuesday-Blitz-April-02-2024"]
[Site "Chess.com"]
[Date "2024.04.02"]
[Round "1"]
[White "hell3raiser"]
[Black "Oleg_Papayan"]
[Result "0-1"]
[WhiteElo "2387"]
[BlackElo "2677"]
[TimeControl "180+1"]
[EndTime "14:08:18 PDT"]
[Termination "Oleg_Papayan won by checkmate"]

1. e4 c5 2. b3 Nf6 3. e5 Nd5 4.
Qf3 e6 5. Bb2 Nc6 6. Qg3 f5 7.
exf6 Nxf6 8. Nf3 d6 9. Bd3 e5 10. O-O Nh5 11. Qg5 Nf4 12. Bb5 Qxg5 13. Nxg5 Bd7 14.
g3 Nh3+ 15. Nxh3 Bxh3 16. Bxc6+ bxc6 17. Re1 Kd7 18. Nc3 Be7 19. d3 h5 20. Ne4 h4 21. c3 Raf8 22. d4 cxd4 23. cxd4 d5 24. Nc5+ Bxc5 25. dxc5 hxg3 26. fxg3 Rh5 27. Rxe5 Rxe5 28.
Bxe5 g5 29. Rd1 Rf3 30. b4 a6 31. a4 Rb3 32. Rd4 Rf3 33. Rd1 Ke6 34. Bd4 Rb3 35. Re1+ Kd7 36. Bf6 Be6 37. Bxg5 Rxb4 38. h4 Rxa4 39. h5 Rg4 40. Bf4 Bf5 41. h6 d4 42.
Kf2 d3 43. Ke3 Rg6 44. Rh1 Rg8 45. h7 Rh8 46. Rh6 Rxh7 47. Rd6+ Ke8 48. Rxc6 Re7+ 49.
Kd2 Re2+ 50. Kc3 Rc2+ 51. Kb3 d2 52. Bxd2 Rxd2 53. Rxa6 Rd3+ 54. Kb4 Rxg3 55. Rf6 Bc8 56. Kb5 Kd8 57. Kc6 Bd7+ 58. Kb6 Rb3+ 59. Ka6 Kc7 60. Rg6 Ra3# 0-1

[Event "Late-Titled-Tuesday-Blitz-April-02-2024"]
[Site "Chess.com"]
[Date "2024.04.02"]
[Round "1"]
[White "ritanovikova"]
[Black "vladgoncharov"]
[Result "0-1"]
[WhiteElo "2152"]
[BlackElo "2567"]
[TimeControl "180+1"]
[EndTime "14:08:22 PDT"]
[Termination "vladgoncharov won on time"]

1. e4 e6 2. d4 d5 3. Nd2 c5 4. exd5 Qxd5 5. Bb5+ Bd7 6. Bxd7+ Nxd7 7. Qf3 Ngf6 8. c4 Qxf3 9. Ngxf3 cxd4 10. Nxd4 a6 11. O-O Rc8 12. b3 Bb4 13. N2f3 Bc3 14. Rb1 O-O 15.
Bb2 Bxb2 16. Rxb2 Nc5 17. Rd2 Rfd8 18. Rdd1 Nce4 19. Rc1 Nc5 20. h3 Nfd7 21. Rcd1 g6 22. Rfe1 Kf8 23. Kf1 Nb8 24. Ng5 h6 25. Ngf3 Ke7 26.
Ne5 Nbd7 27. Ndf3 Nxe5 28. Nxe5 Nd7 29. Nf3 b5 30. cxb5 axb5 31. Rc1 Rxc1 32. Rxc1 Ra8 33. Nd4 Rxa2 34. Nxb5 Ne5 35. Rc3 f5 36. g3 g5 37.
Nd4 g4 38. h4 Kf6 39. Re3 Rb2 40. Rc3 Rb1+ 41. Kg2 h5 42. Re3 Rb2 43. Rc3 Rd2 44.
Nc6 Nf3 45. Rc1 Rb2 46. b4 e5 47. Kf1 f4 48. gxf4 exf4 49. Rd1 Nd2+ 50. Kg2 Ne4 51.
Rf1 g3 52. Kf3 Rxf2+ 53. Rxf2 Nxf2 54. Kg2 Ng4 55. Nd4 Ne3+ 0-1

[Event "Late-Titled-Tuesday-Blitz-April-02-2024"]
[Site "Chess.com"]
[Date "2024.04.02"]
[Round "1"]
[White "jcmesafischer"]
[Black "Kazan28"]
[Result "1/2-1/2"]
[WhiteElo "2378"]
[BlackElo "2656"]
[TimeControl "180+1"]
[EndTime "14:08:25 PDT"]
[Termination "Game drawn - insufficient material"]

1. e4 d6 2. d4 Nf6 3. Nc3 e5 4. dxe5 dxe5 5. Qxd8+ Kxd8 6. Bc4 Ke8 7. Nd5 Nxd5 8.
Bxd5 Na6 9. a3 c6 10. Bc4 Nc5 11. f3 Be6 12. Bxe6 Nxe6 13. Be3 Bc5 14. Bxc5 Nxc5 15. Nh3 Ke7 16. Nf2 Rhd8 17. Ke2 f6 18. g3 Ne6 19. c3 Nc5 20. Rad1 Na4 21. Rb1 Rd7 22.
Rhd1 Rad8 23. Rxd7+ Rxd7 24. Nd3 a5 25. Rc1 c5 26. b3 c4 27. bxc4 Nb6 28. Nb2 Rc7 29.
Kd3 Nd7 30. Na4 Rc6 31. Rb1 Rd6+ 32. Kc2 b6 33. Rb5 Rc6 34. Kd3 Kd6 35. c5+ bxc5 36. Rxa5 c4+ 37. Ke3 g6 38. Nb2 f5 39. a4 fxe4 40.
fxe4 Nf6 41. h3 Nh5 42. Kf3 Nf6 43. Rb5 h5 44. a5 Nd7 45. Rb4 Ra6 46. g4 hxg4+ 47.
Kxg4 Nf6+ 48. Kf3 Nd7 49. Nxc4+ Kc5 50. Kg4 Nf6+ 51. Kf3 Nd7 52. h4 Rf6+ 53. Ke3 Ra6 54. Nb6 Nf6 55. Na4+ Kc6 56. Rb6+ Rxb6 57. axb6 Nd7 58. c4 Nf6 59. Kd3 Nh5 60. c5 Ng3 61. Kc4 Nxe4 62. Nc3 Nd2+ 63. Kd3 Nb3 64. Ke4 Nxc5+ 65.
Kxe5 Kxb6 66. Kf6 Kc6 67. Kxg6 Ne6 68. h5 Nf4+ 69. Kg5 Nxh5 1/2-1/2

[Event "Late-Titled-Tuesday-Blitz-April-02-2024"]
[Site "Chess.com"]
[Date "2024.04.02"]
[Round "1"]
[White "KATPAH"]
[Black "AktilekAskarovich"]
[Result "1/2-1/2"]
[WhiteElo "2694"]
[BlackElo "2408"]
[TimeControl "180+1"]
[EndTime "14:08:28 PDT"]
[Termination "Game drawn - insufficient material"]

1. e4 c6 2. d4 d5 3. exd5 cxd5 4. c4 Nf6 5. Nc3 Nc6 6. Nf3 Bg4 7. cxd5 Nxd5 8. Bc4 e6 9. Bxd5 exd5 10. O-O Be7 11.
h3 Bh5 12. g4 Bg6 13. Ne5 O-O 14. f4 Nxe5 15. dxe5 d4 16. Ne2 d3 17. Ng3 Bh4 18. Kh2 Bxg3+ 19. Kxg3 Be4 20. Be3 Qd5 21. Rc1 Qxa2 22.
Qd2 Rac8 23. Qb4 Qd5 24. Rc3 Rxc3 25. Qxc3 b6 26. Rf2 Rd8 27. Qc7 Qd7 28. Qc4 Qc6 29.
Qb4 h6 30. Qe7 Qd7 31. Qb4 Bb7 32. f5 Qd5 33. Qf4 Qe4 34. Qxe4 Bxe4 35. Kf4 Bb7 36.
Rd2 Rd5 37. Bf2 Ba6 38. Ke4 Rd8 39. Bd4 Rc8 40. Bc3 Rc4+ 41. Ke3 Ra4 42. Rf2 Ra1 43. e6 Kf8 44. Bb4+ Ke8 45. Kd4 Rc1 46. Ke5 Rc4 47. Bc3 Ke7 48. exf7 Kxf7 49. f6 g6 50. Kd5 h5 51.
gxh5 gxh5 52. Rg2 Bb7+ 53. Kxc4 Bxg2 54. h4 Bf1 55. Kd5 d2 56. Bxd2 Kxf6 57. Bc3+ Kf5 58. Kc6 Bg2+ 59. Kc7 b5 60. Kb8 Kg4 61. Be1 a5 62. Ka7 a4 63. Kb6 b4 64. Bxb4 Kxh4 65.
Be7+ Kg4 66. Kb5 h4 67. Kxa4 h3 68. Bd6 Bd5 69. b4 Bc6+ 70. Ka5 Bd7 71. Kb6 Be8 72. b5 Bxb5 73. Kxb5 Kf3 74. Bh2 Kg2 75. Bd6 h2 76. Bxh2 1/2-1/2

[Event "Late-Titled-Tuesday-Blitz-April-02-2024"]
[Site "Chess.com"]
[Date "2024.04.02"]
[Round "1"]
[White "Byniolus"]
[Black "burritus"]
[Result "1-0"]
[WhiteElo "2794"]
[BlackElo "2439"]
[TimeControl "180+1"]
[EndTime "14:08:29 PDT"]
[Termination "Byniolus won on time"]

1. d4 d5 2. Nf3 Nf6 3. Bf4 c5 4. c3 Nc6 5. Nbd2 e6 6. e3 Be7 7. h3 b6 8. Bb5 Bd7 9. Ba6 Bc8 10. Bb5 Bd7 11. O-O O-O 12. Qe2 Ne4 13. Nxe4 dxe4 14. Nd2 a6 15. Ba4 b5 16. Bc2 f5 17. dxc5 Bxc5 18.
Rfd1 e5 19. Bh2 Qe7 20. b4 Bb6 21. a4 Rab8 22. axb5 axb5 23. Ra6 Kh8 24. Nb3 Rfc8 25. Nc5 Be8 26. Nb3 h6 27. Rda1 Rd8 28. Kh1 Qb7 29. g4 Qf7 30. Nd2 fxg4 31. hxg4 Qe6 32. Bxe4 Bg6 33. Bxg6 Qxg6 34. Nf1 e4 35. Ng3 Ne5 36. Kg2 Nf3 37. Qxb5 Rd2 38. Bg1 Nxg1 39. Kxg1 Qxg4 40. Qf5 Qxf5 41. Nxf5 Bd8 42. Ra8 Rxa8 43. Rxa8 Kh7 44. b5 Bf6 45. b6 Bxc3 46. b7 Rd1+ 47. Kg2 Be5 48. Re8 Bc7 49. b8=Q Bxb8 50. Rxb8 Rd5 51.
Ng3 Rg5 52. Rb4 h5 53. Rxe4 Kh6 54. Kf3 g6 55. Rf4 Rd5 56. Rd4 Re5 57. e4 Re7 58.
Rd5 g5 59. Nf5+ 1-0

[Event "Late-Titled-Tuesday-Blitz-April-02-2024"]
[Site "Chess.com"]
[Date "2024.04.02"]
[Round "1"]
[White "Manukyan_Artak"]
[Black "Oleksandr_Bortnyk"]
[Result "0-1"]
[WhiteElo "2537"]
[BlackElo "3040"]
[TimeControl "180+1"]
[EndTime "14:08:30 PDT"]
[Termination "Oleksandr_Bortnyk won on time"]

1. e4 Nf6 2. Nc3 d5 3. exd5 Nxd5 4. Bc4 Nb6 5. Bb3 c5 6. d3 Nc6 7. Qf3 e6 8. Nge2 Bd7 9. h4 h6 10. Qg3 Na5 11. Bf4 Bc6 12. O-O-O Nxb3+ 13. axb3 Nd5 14. Be5 Qa5 15. Kb1 O-O-O 16. Nxd5 Bxd5 17. Nf4 Bc6 18. Nh5 f6 19. Bc3 Qc7 20. Qxc7+ Kxc7 21. f3 e5 22. Rhe1 Rd7 23. Ng3 b6 24. h5 Kb7 25. Nf5 Rf7 26. Rf1 Bd7 27. g4 Rg8 28. Rh1 Bc6 29. Rdf1 Rd7 30. Kc1 b5 31. Bd2 Bd5 32. Rhg1 c4 33. bxc4 bxc4 34. dxc4 Bxc4 35. Re1 Bc5 36. Be3 Bb4 37. c3 Ba5 38. Rd1 Be6 39. Rxd7+ Bxd7 40. Rd1 Ba4 41. Rd5 Bb6 42. Bxb6 axb6 43. Kd2 Kc7 44. Ke3 Bd7 45. Ng3 Ra8 46. Rd2 Ra1 47. Ne4 Rf1 48. Rf2 Rb1 49. Rd2 Bc6 50. Ng3 Re1+ 51.
Kf2 Rb1 52. Ne2 e4 53. fxe4 Bxe4 54. Ng3 Bh7 55. Nf5 Bxf5 56. gxf5 Rh1 57. Re2 Kd7 58. Re6 Rh2+ 59. Ke3 Rxb2 60. Kd4 Rb5 61. Kc4 Rc5+ 62. Kb4 Kc7 63. Rxb6 Kxb6 0-1

[Event "Late-Titled-Tuesday-Blitz-April-02-2024"]
[Site "Chess.com"]
[Date "2024.04.02"]
[Round "1"]
[White "Sl4werThanYou"]
[Black "tgpgoat"]
[Result "1/2-1/2"]
[WhiteElo "2710"]
[BlackElo "2423"]
[TimeControl "180+1"]
[EndTime "14:08:31 PDT"]
[Termination "Game drawn by stalemate"]

1. e4 c5 2. Nf3 e6 3. g3 Nc6 4. Bg2 a6 5. O-O Nf6 6. Qe2 d6 7. d3 Be7 8. Nbd2 O-O 9. Re1 b5 10. Nf1 Bb7 11. h4 Qc7 12. Ne3 Rfe8 13. c3 d5 14. Nf1 dxe4 15. dxe4 Ne5 16. Nxe5 Qxe5 17. Bf4 Qh5 18. e5 Qxe2 19. Rxe2 Bxg2 20. exf6 Bxf1 21. Kxf1 Bxf6 22. Rd1 Red8 23. Red2 Rxd2 24. Bxd2 Rd8 25. Ke2 Kf8 26. a4 Ke7 27. axb5 axb5 28. Be3 Rxd1 29.
Kxd1 Kd6 30. Ke2 Kd5 31. Kd3 c4+ 32. Ke2 b4 33. Bd2 bxc3 34. bxc3 Kc5 35. Kd1 Kd5 36. Ke2 h6 37. h5 Ke4 38. f3+ Kd5 39. Ke3 e5 40. f4 exf4+ 41. gxf4 g5 42. Kf3 gxf4 43. Bxf4 Bxc3 44. Bxh6 Bb2 45. Ke2 Ke4 46. Bf8 f5 47.
h6 Bf6 48. Bg7 Ke5 49. Ke3 Ke6 50. Bf8 Kf7 51. Bd6 Kg6 52. Bf4 Bb2 53. Ke2 Bd4 54.
Kd2 Bc5 55. Kc3 Bf8 56. h7 Kxh7 57. Kxc4 Kg6 58. Kd5 Bh6 59. Be5 Kg5 60. Kd4 Kg4 61.
Kd3 Bf4 62. Bg7 Bg5 63. Be5 Kf3 64. Kc2 Ke4 65. Bd6 Bf4 66. Bf8 Be5 67. Kd1 f4 68. Ke2 f3+ 69. Kf1 Bd4 70. Bb4 Ke3 71. Be1 Kf4 72. Bd2+ Be3 73. Ba5 Kg3 74. Bc7+ Bf4 75.
Ba5 Be3 76. Be1+ Kg4 77. Bc3 Kf5 78. Bh8 Ke4 79. Ba1 Bd4 80. Bxd4 Kxd4 81. Kf2 Ke4 82. Kf1 Kf4 83. Kf2 Kg4 84. Kf1 Kg3 85. Kg1 f2+ 86. Kf1 Kf3 1/2-1/2

[Event "Late-Titled-Tuesday-Blitz-April-02-2024"]
[Site "Chess.com"]
[Date "2024.04.02"]
[Round "1"]
[White "jaskol95"]
[Black "Hrant_ChessMood"]
[Result "1/2-1/2"]
[WhiteElo "2514"]
[BlackElo "2930"]
[TimeControl "180+1"]
[EndTime "14:08:37 PDT"]
[Termination "Game drawn by repetition"]

1. d4 Nf6 2. Nc3 d5 3. Bf4 Bf5 4. e3 e6 5. Nf3 a6 6. Bd3 Bg4 7.
h3 Bxf3 8. Qxf3 c5 9. dxc5 Nc6 10. Bg5 Bxc5 11. Bxf6 Qxf6 12. Qxf6 gxf6 13. a3 Rc8 14.
Ne2 Ke7 15. c3 Bd6 16. Nd4 Ne5 17. Be2 f5 18. f4 Nd7 19. g4 fxg4 20. hxg4 h6 21. Kf2 Nf6 22. Bf3 Rcg8 23. Rh4 Rh7 24. Rah1 Rhg7 25. Rg1 Bc5 26. Rxh6 Nxg4+ 27. Bxg4 Rxg4 28.
Rxg4 Rxg4 29. Rh8 Kd7 30. b4 Bxd4 31. cxd4 Kc6 32. Rh7 f5 33. Rh6 Kd6 34. Rh7 b6 35.
Ra7 Kc6 36. Rxa6 Kb5 37. Ra8 Rg6 38. Ke2 Rh6 39. Kd3 Rh1 40. Re8 Ra1 41. Rxe6 Rxa3+ 42. Ke2 Ra8 43. Rd6 Rf8 44. Kd3 Rf7 45. Kc3 Ka4 46. Rxb6 Rc7+ 47. Kd2 Kb3 48. Rb5 Rc2+ 49. Kd1 Rh2 50. Rxd5 Kc4 51. Rxf5 Kd3 52. Kc1 Kxe3 53. d5 Ke4 54. Re5+ Kxf4 55. Re8 Rh5 56. Rd8 Ke4 57. Kb2 Rh3 58. b5 Ke5 59. d6 Ke6 60. b6 Rh5 61.
Kc3 Rb5 62. Kc4 Rxb6 63. Kc5 Rb1 64. Re8+ Kd7 65. Re7+ Kd8 66. Rh7 Rc1+ 67. Kd5 Rd1+ 68. Ke6 Re1+ 69. Kd5 Rd1+ 70. Ke6 Re1+ 71. Kd5 Rd1+ 1/2-1/2

[Event "Late-Titled-Tuesday-Blitz-April-02-2024"]
[Site "Chess.com"]
[Date "2024.04.02"]
[Round "1"]
[White "Revan_2002"]
[Black "cedchass2006"]
[Result "1-0"]
[WhiteElo "2742"]
[BlackElo "2418"]
[TimeControl "180+1"]
[EndTime "14:08:37 PDT"]
[Termination "Revan_2002 won by checkmate"]

1. d4 Nf6 2. Nf3 d5 3. c4 e6 4. Nc3 dxc4 5. Bg5 a6 6. a4 c5 7. e3 cxd4 8. exd4 Nc6 9. Bxc4 Be7 10. O-O O-O 11. Qd3 Nb4 12. Qe2 b6 13. Rad1 Bb7 14.
Rfe1 h6 15. Bh4 Nfd5 16. Bg3 Bd6 17. Ne5 Rc8 18. Nxd5 exd5 19. Bb3 a5 20. Qf3 f6 21. Ng6 Re8 22. Rxe8+ Qxe8 23. Bxd6 Qxg6 24. Bxb4 axb4 25.
Bxd5+ Bxd5 26. Qxd5+ Qf7 27. Qf5 Rd8 28. d5 Qe8 29.
Qd3 Qxa4 30. d6 Qc6 31. h4 Kh8 32. d7 Qe6 33. Qd4 b3 34. g3 Kg8 35. Rd3 Kf7 36.
Kh2 Kg8 37. Re3 Qxd7 38. Qxb6 Qd2 39. Qxb3+ Kh8 40. Kg2 Rc8 41. Qb7 Rd8 42. b4 Qc2 43.
Re7 Rd2 44. Re8+ Kh7 45. Qe4+ Qxe4+ 46. Rxe4 Rb2 47. h5 Kg8 48. g4 Kf7 49. Kg3 Rb1 50. f3 Rb3 51. Kf4 Kf8 52. Rc4 Kf7 53. Rc7+ Kf8 54.
Rb7 Kg8 55. Ke4 Kh7 56. f4 Rb1 57. Kf5 Kg8 58. Kg6 Kf8 59. Rb8+ Ke7 60. Kxg7 Rg1 61. Kxh6 Rxg4 62. f5 Rg5 63. Rb5 Kf7 64. Rc5 Rg4 65. b5 Rb4 66. Rc7+ Kf8 67. Rb7 Rg4 68. b6 Rb4 69. Kg6 Kg8 70. Rb8# 1-0

[Event "Late-Titled-Tuesday-Blitz-April-02-2024"]
[Site "Chess.com"]
[Date "2024.04.02"]
[Round "1"]
[White "teresin05"]
[Black "The_Sherman_Variation"]
[Result "1-0"]
[WhiteElo "2288"]
[BlackElo "2587"]
[TimeControl "180+1"]
[EndTime "14:08:42 PDT"]
[Termination "teresin05 won by resignation"]

1. e4 c5 2. Nf3 g6 3. c4 Nc6 4.
d4 cxd4 5. Nxd4 Nf6 6. Nc3 Nxd4 7.
Qxd4 d6 8. Be3 Bg7 9. Be2 O-O 10.
Qd2 Be6 11. O-O Ng4 12. Bxg4 Bxg4 13. Nd5 b6 14. f3 Be6 15. a4 Rc8 16. Rfc1 Bxd5 17.
cxd5 Qd7 18. a5 b5 19. Rab1 a6 20. b4 Rc4 21. Rxc4 bxc4 22. b5 axb5 23. Qb4 c3 24. Qxb5 Qc7 25. a6 c2 26. Rc1 Qc3 27. Qe2 Ra8 28. a7 Bd4 29. Bxd4 Qxd4+ 30. Kf1 Rxa7 31. Qxc2 Ra3 32. Rd1 Qa7 33. Rc1 Ra2 34. Qc8+ Kg7 35. Qc3+ f6 36. Rc2 Ra3 37. Qc7 Ra1+ 38. Ke2 Qa6+ 39.
Kf2 Kf7 40. Qc8 Rf1+ 41. Kg3 Qxc8 42. Rxc8 h5 43. Rh8 Ra1 44. Rh7+ Kf8 45. h4 Ra7 46. Rh8+ Kf7 47. Rc8 Rb7 48. Kf4 Rb2 49. g4 Rh2 50.
Kg3 Rh1 51. gxh5 gxh5 52. Rh8 Kg7 53. Re8 Kf7 54. Rh8 Rg1+ 55. Kf4 Kg7 56. Rxh5 Rh1 57. Kg3 Rg1+ 58. Kf2 Ra1 59. Rf5 Rh1 60. Rf4 Kf7 61. Rg4 Rh2+ 62. Kg3 Rh1 63. Kf4 Rh2 64. Kg3 Rh1 65.
Kg2 Rc1 66. h5 Rc2+ 67. Kg3 Rc1 68. h6 Rh1 69. Rg7+ Kf8 70. Rh7 Rg1+ 71. Kf4 Rh1 72. Kf5 Rh5+ 73. Ke6 Re5+ 74. Kd7 f5 75. Rh8+ Kf7 76.
Re8 Kg6 77. Rxe7 Rxe7+ 78. Kxe7 f4 79. Kxd6 Kxh6 80. Ke5 Kg5 81. d6 Kh4 82. Kxf4 1-0

[Event "Late-Titled-Tuesday-Blitz-April-02-2024"]
[Site "Chess.com"]
[Date "2024.04.02"]
[Round "1"]
[White "Kacparov"]
[Black "chess_blitz00"]
[Result "1-0"]
[WhiteElo "2922"]
[BlackElo "2503"]
[TimeControl "180+1"]
[EndTime "14:08:43 PDT"]
[Termination "Kacparov won on time"]

1. e4 d6 2. d4 Nf6 3. Nc3 e5 4.
Nf3 Nbd7 5. Bc4 Be7 6. O-O O-O 7.
a4 c6 8. Re1 h6 9. h3 Re8 10. Ba2 Qc7 11. Be3 Bf8 12. Qd2 exd4 13. Bxd4 Ne5 14. Nh2 Ng6 15. f4 Nh5 16. Be3 Ng3 17.
Bf2 Nh5 18. Be3 Ng3 19. Qd3 Kh8 20. f5 Ne5 21. Qd2 Nh5 22. Rf1 Nf6 23. Rae1 Bd7 24. Bd4 Rad8 25. Kh1 Bc8 26. Nf3 Nfd7 27. Nh2 Nf6 28.
Qf2 b6 29. Bb3 Ba6 30. Rg1 Nfd7 31. Ba2 Nf6 32. Nf3 Nfd7 33. Be3 Nf6 34. Qh4 Qe7 35. Bg5 Kg8 36. Bxf6 Qxf6 37. Qxf6 gxf6 38. Nd4 Bb7 39. Rd1 h5 40. Rge1 Bh6 41. Nf3 Nxf3 42. gxf3 Bf4 43. Ne2 Be5 44. c3 d5 45. exd5 cxd5 46. Kg2 Kf8 47. Kf2 Ba6 48. Nd4 Bc4 49. b3 Ba6 50. h4 Bb7 51. Bb1 Bxd4+ 52. Rxd4 Rxe1 53. Kxe1 Re8+ 54. Kd2 Re7 55. Bd3 Ke8 56. f4 Kd7 57.
Be2 Kd6 58. Bxh5 Re4 59. Rxe4 dxe4 60. Bxf7 Bc8 61. Bg6 Ke7 62. Ke3 Bb7 63. h5 Bd5 64. b4 Bc6 65. a5 bxa5 66. bxa5 Kf8 67. h6 Kg8 68. Kd4 Kh8 69. c4 Bb7 70. Bf7 Kh7 71. Bd5 Bc8 72. Be6 Kxh6 73. Bxc8 1-0